 Dungeon Crawl Stone Soup version 0.19-a0-585-ge40200b (webtiles) character file.

294 Charly the Cleaver (level 6, -4/76 HPs)
             Began as a Hill Orc Berserker on June 9, 2016.
             Was a Follower of Trog.
             Slain by a worker ant (6 damage)
             ... on level 7 of the Dungeon.
             The game lasted 00:07:30 (604 turns).

Charly the Cleaver (Hill Orc Berserker)              Turns: 604, Time: 00:07:31

Health: -4/76      AC:  6    Str: 25    XL:     6   Next: 33%
Magic:  6/6        EV: 10    Int:  7    God:    Trog [*.....]
Gold:   171        SH:  0    Dex: 12    Spells: 0 memorised, 5 levels left

rFire  . . .     SeeInvis .     a - +0 hand axe
rCold  . . .     Gourm    .     k - +0 scale mail
rNeg   . . .     Faith    .     (no shield)
rPois  .         Spirit   .     (no helmet)
rElec  .         Dismiss  .     (no cloak)
rCorr  .         Reflect  .     (no gloves)
SustAt +         Harm     .     (no boots)
MR     .....                    (no amulet)
Stlth  ..........               (no ring)
                                g - ring of sustain attributes

@: berserking, lethally poisoned (-4 -> -9), very quick, not resistant to
hostile enchantments, extremely unstealthy
A: no striking features
a: Berserk, Burn Spellbooks, Renounce Religion


You were on level 7 of the Dungeon.
You worshipped Trog.
Trog was aware of your devotion.
You were not hungry.

You visited 1 branch of the dungeon, and saw 7 of its levels.

You collected 171 gold pieces.

Inventory:

Hand Weapons
 a - a +0 hand axe (weapon)
Armour
 k - a +0 scale mail (worn)
Jewellery
 g - a ring of sustain attributes (left hand)
Wands
 j - a wand of flame (2/48)
Scrolls
 e - 3 scrolls of identify {unknown}
 f - a scroll of enchant armour {unknown}
 h - a scroll of teleportation {unknown}
 i - a scroll of fog {unknown}
Potions
 d - 2 potions of lignification {unknown}
 l - a potion of brilliance {unknown}
Comestibles
 b - 2 chunks of flesh
 c - a bread ration


   Skills:
 - Level 3.6 Fighting
 + Level 9.1 Axes
 - Level 2.1 Armour
 - Level 1.5 Dodging


You had 5 spell levels left.
You didn't know any spells.

Dungeon Overview and Level Annotations

Branches:
Dungeon (7/15)
 Temple: D:4-7

Altars:


Message History

You feel sick.
You feel sick.
You see here 18 gold pieces.
You now have 171 gold pieces (gained 18).
You feel sick.
You feel sick.
A worker ant comes into view.
The worker ant twitches its antennae in your direction.
Found 11 gold pieces.
A red film seems to cover your vision as you go berserk!
You feel yourself moving faster!
You feel mighty!
You feel somewhat more hungry.
You feel sick.
You barely miss the worker ant. The worker ant bites you.
* * * LOW HITPOINT WARNING * * *
You are lethally poisoned!
The worker ant poisons you!
You barely miss the worker ant.
* * * LOW HITPOINT WARNING * * *
You feel sick. The worker ant bites you.
You die...

### ... ..# ...#
#..## ###....
#######.a$#
#....##@# ###
#....##.#
..########.......#
#†...<.........###
##########....##
#....# #....#
#....# #....#


You could see a worker ant.

Vanquished Creatures
  A black bear (D:6)
  A necrophage (D:6)
  A hound (D:6)
  2 worker ants
  A shadow imp (D:6)
  2 oozes
  A worm (D:2)
  A giant cockroach (D:1)
  A goblin (D:2)
  A hobgoblin (D:1)
  2 jackals (D:4)
  4 bats
  3 giant newts
  A jackal zombie (D:6)
  3 kobolds (D:1)
  3 rats
  4 fungi (D:1)
32 creatures vanquished.

Vanquished Creatures (others)
  A fungus (D:1)
1 creature vanquished.

Grand Total: 33 creatures vanquished

Notes
Turn   | Place    | Note
--------------------------------------------------------------
     0 | D:1      | Charly the Hill Orc Berserker began the quest for the Orb.
     0 | D:1      | Reached XP level 1. HP: 19/19 MP: 1/1
    87 | D:1      | Reached XP level 2. HP: 23/26 MP: 2/2
   191 | D:1      | Reached skill level 5 in Axes
   305 | D:4      | Reached XP level 3. HP: 27/31 MP: 3/3
   384 | D:5      | Entered Level 5 of the Dungeon
   485 | D:6      | Noticed a black bear
   498 | D:6      | Reached skill level 6 in Axes
   498 | D:6      | Reached XP level 4. HP: 39/39 MP: 4/4
   504 | D:6      | Killed a black bear
   504 | D:6      | Reached skill level 7 in Axes
   504 | D:6      | Reached XP level 5. HP: 45/45 MP: 5/5
   513 | D:6      | Noticed a necrophage
   534 | D:6      | Reached skill level 8 in Axes
   556 | D:6      | Killed a necrophage
   556 | D:6      | Reached XP level 6. HP: 23/51 MP: 6/6
   583 | D:7      | Reached skill level 9 in Axes
   603 | D:7      | HP: 3/76 [worker ant (6)]
   604 | D:7      | Slain by a worker ant

Vault maps used:
D:1:      eino_arrival_water_star, minmay_misc_feat_square,
          minmay_gold_behind_fungi, serial_bayou_lagoon_a
D:2:      led_sif_pool, due_unseen_surprise
D:3:      first_bread
D:4:      lightli_temple_of_fire, serial_bayou, serial_bayou_crossing,
          serial_bayou_shore_b, serial_bayou_shore_a, serial_bayou_ford_a,
          serial_bayou_pond_d
D:5:      xom_redecorated, serial_park_tiny_pond, uniq_menkaure, uniq_grinder,
          uniq_duvessa, uniq_eustachio
D:6:      gammafunk_pakellas_its_alive
D:7:      lemuel_crystal_altar, minmay_temple_entry_glass, serial_shops,
          nicolae_shop_trees

Skill      XL: |  1  2  3  4  5  6 |
---------------+-------------------+-----
Axes           | 5 6 7 8 9 |  9.1
Fighting       | |  3.6
Armour         | |  2.1
Dodging        | |  1.5

Action                   |  1- 3 |  4- 6 || total
-------------------------+-------+-------++-------
Melee: Hand axe          |    73 |    36 ||   109
Invok: Berserk           |     5 |     2 ||     7
Evoke: Wand              |       |     3 ||     3
  Eat: Chunk             |     1 |       ||     1
       Meat ration       |     1 |       ||     1
Armor: Animal skin       |    17 |       ||    17
       Scale mail        |       |    24 ||    24
Dodge: Dodged            |    34 |    23 ||    57
